 Dungeon Crawl Stone Soup version 0.26.1-11-gd32895ea62 (webtiles) character file.

Game seed: 7186092653454805347

849 raph the Chiller (level 8, -1/57 HPs)
             Began as a Merfolk Ice Elementalist on June 18, 2021.
             Was a Believer of Zin.
             Slain by Sigmund
             ... wielding a +0 scythe
              (12 damage)
             ... on level 5 of the Dungeon.
             The game lasted 00:12:41 (5822 turns).

raph the Chiller (Merfolk Ice Elementalist)         Turns: 5822, Time: 00:12:41

Health: -1/57      AC:  6    Str: 10    XL:     8   Next: 1%
Magic:  11/12      EV: 12    Int: 23    God:    Zin [**....]
Gold:   228        SH:  5    Dex: 15    Spells: 6/13 levels left

rFire    . . .     SeeInvis .   a - +1 spear (venom)
rCold    + . .     Faith    +   m - +0 buckler
rNeg     . . .     Spirit   .   f - +1 leather armour {rC+}
rPois    ∞         Reflect  .   r - +0 helmet
rElec    .         Harm     .   (no cloak)
rCorr    .         Rampage  .   (no gloves)
Will     .....                  n - +0 pair of boots
Stlth    ++........             t - amulet of faith
HPRegen  0.19/turn              o - +4 ring of slaying
MPRegen  0.13/turn              l - +6 ring of intelligence

@: mighty, vitalised
A: change form in water, swift swim, stealthy swim
a: Renounce Religion, Recite, Vitalisation, Donate Gold


You were on level 5 of the Dungeon.
You worshipped Zin.
Zin was pleased with you.
You visited 1 branch of the dungeon, and saw 5 of its levels.
You also visited: Sewer.

You collected 253 gold pieces.
You donated 25 gold pieces to Zin.

Inventory:

Hand Weapons
 a - a +1 spear of venom (weapon)
 b - a +0 spear
 v - a +0 trident
Missiles
 e - 2 silver javelins
Armour
 f - a +1 leather armour of cold resistance (worn)
 m - a +0 buckler (worn)
 n - a +0 pair of boots (worn)
 r - a +0 helmet (worn)
Jewellery
 c - an uncursed ring of stealth
 d - an uncursed amulet of regeneration
 k - an uncursed amulet of magic regeneration
 l - a +6 ring of intelligence (right hand)
 o - a +4 ring of slaying (left hand)
 t - an amulet of faith (around neck)
 u - an uncursed ring of wizardry
Scrolls
 g - 5 scrolls of identify
 h - 2 scrolls of immolation
 i - 3 scrolls of teleportation
 s - a scroll of remove curse
Potions
 j - 3 potions of flight
 p - a potion of curing
 w - a potion of haste {unknown}


   Skills:
 + Level 2.7 Fighting
 * Level 3.3 Polearms
 - Level 2.6 Dodging
 - Level 2.1 Stealth
 + Level 3.0 Shields
 + Level 3.2 Spellcasting
 * Level 7.7 Ice Magic
 + Level 2.7 Invocations


You had 6 spell levels left.
You knew the following spells:

 Your Spells              Type           Power        Failure   Level
a - Freeze                Ice            100%         1%          1
b - Frozen Ramparts       Ice            78%          2%          3
c - Ozocubu's Armour      Ice            39%          2%          3

Your spell library contained the following spells:

 Spells                   Type           Power        Failure   Level
 Hailstorm                Conj/Ice       21%          34%         4
 Summon Ice Beast         Ice/Summ       21%          34%         4


Dungeon Overview and Level Annotations

Branches:
Dungeon (5/15)              Sewer (visited)
 Temple: D:4-7

Altars:
Dithmenos
Zin
The Shining One

Annotations:
D:5 Sigmund


Message History

You feel less confused.
You hear some strange, mumbled words.
A magic dart appears from out of thin air!
The magic dart hits you.
There is a stone staircase leading up here.
You closely miss something. Something hits you! Zin grants you divine stamina.
Something hits you!
There's no appreciative audience!
You hit something. You hit something. Something hits you but does no damage.
You hit something. Something completely misses you.
You hit something. You hit something. Something hits you.
You hit something. You barely miss something. Something hits you!
* * * LOW HITPOINT WARNING * * *
You feel very mighty all of a sudden. Something hits you!
You die...

#### ###.?#
#....#
#####...##
#........#
.......#..#
.......{@##
.......#.#
...##..###
..##... ..
##.. #


There were no monsters in sight!

Vanquished Creatures
  An ogre (D:4)
  2 bullfrogs (Sewer)
  A scorpion (D:4)
  A howler monkey (D:4)
  3 orc priests
  2 orc wizards (D:4)
  An iguana (D:4)
  A hound skeleton (D:4)
  16 adders
  A river rat (D:3)
  9 oozes (Sewer)
  2 adder skeletons
  6 worms
  2 dart slugs
  11 leopard geckos
  20 orcs
  13 ball pythons
  10 giant cockroaches
  8 goblins
  4 hobgoblins (D:1)
  6 jackals
  8 kobolds
  A quokka (D:2)
  3 bats
  12 frilled lizards
  A leopard gecko skeleton (D:4)
  8 rats
153 creatures vanquished.

Notes
Turn   | Place    | Note
-------+----------+-------------------------------------------
     0 | D:1      | raph the Merfolk Ice Elementalist began the quest for the
                  | Orb.
     0 | D:1      | Reached XP level 1. HP: 13/13 MP: 3/3
   186 | D:1      | Reached XP level 2. HP: 18/19 MP: 0/5
   387 | D:1      | Reached skill level 5 in Ice Magic
   858 | D:1      | Reached XP level 3. HP: 24/24 MP: 3/6
   862 | D:1      | Learned a level 3 spell: Frozen Ramparts
  1801 | D:2      | Reached skill level 6 in Ice Magic
  1802 | D:2      | Reached XP level 4. HP: 30/30 MP: 3/7
  2298 | D:2      | Found a glowing silver altar of Zin.
  2446 | D:2      | Became a worshipper of Zin the Law-Giver
  2446 | D:2      | Reached * piety under Zin
  2610 | D:3      | Reached skill level 1 in Shields
  2615 | D:3      | Reached XP level 5. HP: 36/36 MP: 2/8
  2696 | D:3      | Learned a level 3 spell: Ozocubu's Armour
  2872 | D:3      | Found a shadowy altar of Dithmenos.
  3012 | D:3      | Reached skill level 1 in Fighting
  3080 | D:3      | Reached skill level 1 in Invocations
  3106 | D:3      | Found a glowing drain.
  3113 | Sewer    | Entered a sewer
  3324 | Sewer    | Reached XP level 6. HP: 43/43 MP: 3/9
  3695 | Sewer    | Reached skill level 7 in Ice Magic
  4252 | D:3      | Found a glowing golden altar of the Shining One.
  4413 | D:3      | Reached XP level 7. HP: 50/50 MP: 7/11
  4686 | D:4      | Reached ** piety under Zin
  4821 | D:4      | Reached skill level 1 in Polearms
  5680 | D:4      | Reached XP level 8. HP: 57/57 MP: 12/12
  5799 | D:5      | Entered Level 5 of the Dungeon
  5803 | D:5      | Noticed Sigmund
  5822 | D:5      | Slain by Sigmund

Illustrated notes

Levels and vault maps discovered:
D:1:      dpeg_arrival_rooms_with_view, layout_basic, serial_bayou_lagoon_b
D:2:      layout_loops_ring, zin_academy
D:3:      layout_basic, lemuel_coloured_pillars_altar,
          lightli_sewer_entry_pipes, minmay_misc_feat_plants,
          grunt_dithmenos_smoke_and_mirrors
D:4:      minmay_chambers_of_twos, layout_loops_cross, lemuel_flame_loot_1
D:5:      layout_cave_pools, serial_glass, glass_columns_a, glass_columns_a,
          uniq_sigmund

Skill      XL: |  1  2  3  4  5  6  7 |
---------------+----------------------+-----
Ice Magic      | 5 6 7 |  7.7
Shields        | 1 2 3 |  3.0
Fighting       | 1 2 |  2.7
Invocations    | 1 2 |  2.7
Polearms       | 3 |  3.3
Spellcasting   | 3 |  3.2
Dodging        | |  2.6
Stealth        | |  2.1

Action                   |  1- 3 |  4- 6 |  7- 9 || total
-------------------------+-------+-------+-------++-------
Melee: Unarmed           |     4 |       |       ||     4
       Dagger            |    14 |       |       ||    14
       Spear             |    25 |   118 |   109 ||   252
       Tailslap          |       |     6 |       ||     6
 Cast: Freeze            |    46 |    13 |       ||    59
       Frozen Ramparts   |     1 |    24 |     4 ||    29
       Ozocubu's Armour  |       |       |     1 ||     1
Invok: Recite            |       |       |     5 ||     5
       Vitalisation      |       |       |     1 ||     1
  Use: Scroll            |     5 |     6 |     2 ||    13
       Potion            |       |       |     1 ||     1
 Stab: Sleeping          |     1 |     5 |     4 ||    10
       Distracted        |       |     1 |       ||     1
Armor: Leather armour    |    15 |    29 |    10 ||    54
Dodge: Dodged            |    39 |    70 |    44 ||   153
Block: Buckler           |       |    21 |     7 ||    28
